[ AOE2 MATCH · #508379450 ]
UnrankedKhitans vs Portuguese
Player's team · WIN
Rival team · LOSS
[ REPLAY ANALYSIS · EXTRACTED FROM THE RECORDED GAME ]
Feudal
9:01
Castle
—
Imperial
—
| APM avg | 35.0 |
| APM peak | 54 |
| eAPM avg | 19.3 |
| Villagers / military | 39 / 12 |
Focus
⚔️ 33.7% · 🌾 66.3%
Scout Cavalry ×12
Feudal
13:14
Castle
16:59
Imperial
—
| APM avg | 34.0 |
| APM peak | 64 |
| eAPM avg | 15.6 |
| Villagers / military | 31 / 3 |
Focus
⚔️ 29.0% · 🌾 71.0%
Militia ×3
Match map
Initial resources + every placement click. Lines = walls · curves = elevation contours. ◆ gold · ⬟ stone · ● berries · ✦ relic · ◌ wall gap
Your base· Open — opponent sealed themselves in
_hugo's base· ✓ Closed at 16:59 · 39t walls · no gate
Smoothed initial terrain · ◌ = detected wall gap · hover for details
Inputs per minute
— [ASYNC]GodsPrisoner - - _hugo
Build order — [ASYNC]GodsPrisoner
88 actions detected in the replay
| 0:00 | Queue | Villager (Male) |
| 0:02 | Build | House |
| 0:03 | Build | House |
| 0:08 | Queue | Villager (Male) |
| 0:08 | Queue | Villager (Male) |
| 0:08 | Queue | Villager (Male) |
| 1:26 | Queue | Villager (Male) |
| 1:54 | Queue | Villager (Male) |
| 2:15 | Build | Lumber Camp |
| 2:25 | Queue | Villager (Male) |
| 2:55 | Queue | Villager (Male) |
| 2:57 | Queue | Villager (Male) |
| 3:27 | Queue | Villager (Male) |
| 3:53 | Queue | Villager (Male) |
| 3:55 | Build | House |
| 3:58 | Queue | Villager (Male) |
| 4:22 | Queue | Villager (Male) |
| 4:30 | Queue | Villager (Male) |
| 4:49 | Build | Mill |
| 5:03 | Queue | Villager (Male) |
| 5:27 | Queue | Villager (Male) |
| 6:51 | Research | Feudal Age |
| 6:53 | Build | House |
| 7:25 | Build | House |
| 7:26 | Build | Palisade Wall |
| 8:04 | Build | Barracks |
| 8:42 | Build | Mill |
| 8:45 | Build | House |
| 8:47 | Build | Palisade Wall |
| 9:01 | Age | Feudal Age |
| 9:01 | Build | House |
| 9:02 | Build | Palisade Wall |
| 9:04 | Queue | Villager (Male) |
| 9:07 | Build | Palisade Wall |
| 9:13 | Queue | Villager (Male) |
| 9:38 | Queue | Villager (Male) |
| 9:53 | Build | House |
| 9:55 | Queue | Villager (Male) |
| 10:12 | Queue | Villager (Male) |
| 10:33 | Build | Stable |
| 10:44 | Research | Double-Bit Axe |
| 10:45 | Queue | Villager (Male) |
| 11:12 | Queue | Scout Cavalry |
| 11:17 | Queue | Villager (Male) |
| 11:20 | Build | Pasture |
| 11:24 | Queue | Scout Cavalry |
| 11:42 | Queue | Scout Cavalry |
| 11:49 | Build | Pasture |
| 11:55 | Queue | Villager (Male) |
| 11:56 | Build | Palisade Wall |
| 12:00 | Queue | Scout Cavalry |
| 12:18 | Build | Pasture |
| 12:20 | Queue | Scout Cavalry |
| 12:21 | Queue | Villager (Male) |
| 12:42 | Queue | Scout Cavalry |
| 12:50 | Queue | Villager (Male) |
| 12:57 | Build | Blacksmith |
| 13:02 | Build | Palisade Wall |
| 13:14 | Build | Watch Tower |
| 13:18 | Queue | Villager (Male) |
| 13:23 | Build | Watch Tower |
| 13:27 | Queue | Scout Cavalry |
| 13:29 | Research | Loom |
| 13:30 | Queue | Villager (Male) |
| 13:40 | Build | Pasture |
| 13:50 | Research | Forging |
| 14:09 | Queue | Villager (Male) |
| 14:12 | Build | Pasture |
| 14:24 | Queue | Villager (Male) |
| 14:24 | Queue | Villager (Male) |
| 14:40 | Queue | Villager (Male) |
| 14:41 | Build | Mining Camp |
| 14:50 | Queue | Scout Cavalry |
| 14:56 | Queue | Scout Cavalry |
| 15:07 | Queue | Villager (Male) |
| 15:13 | Build | Lumber Camp |
| 15:34 | Queue | Villager (Male) |
| 15:38 | Queue | Scout Cavalry |
| 16:00 | Queue | Villager (Male) |
| 16:03 | Build | Pasture |
| 16:10 | Queue | Villager (Male) |
| 16:17 | Queue | Scout Cavalry |
| 16:19 | Queue | Villager (Male) |
| 16:21 | Build | House |
| 16:24 | Build | House |
| 16:30 | Queue | Villager (Male) |
| 16:52 | Queue | Villager (Male) |
| 16:54 | Queue | Scout Cavalry |
Build order — _hugo
67 actions detected in the replay
| 0:01 | Queue | Villager (Male) ×4 |
| 0:02 | Build | House |
| 0:02 | Build | House |
| 1:19 | Queue | Villager (Male) |
| 1:46 | Build | Lumber Camp |
| 1:52 | Queue | Villager (Male) |
| 2:12 | Queue | Villager (Male) |
| 2:31 | Queue | Villager (Male) |
| 3:07 | Queue | Villager (Male) |
| 3:38 | Queue | Villager (Male) |
| 3:59 | Queue | Villager (Male) |
| 4:08 | Build | House |
| 4:20 | Queue | Villager (Male) |
| 4:20 | Queue | Villager (Male) |
| 4:49 | Queue | Villager (Male) |
| 4:50 | Queue | Villager (Male) |
| 5:03 | Build | House |
| 5:09 | Build | Barracks |
| 5:11 | Queue | Villager (Male) |
| 5:27 | Queue | Villager (Male) ×2 |
| 6:02 | Build | Palisade Wall |
| 6:05 | Queue | Militia |
| 6:08 | Queue | Militia ×2 |
| 6:28 | Build | Palisade Wall |
| 6:38 | Build | House |
| 6:40 | Queue | Villager (Male) |
| 6:52 | Queue | Villager (Male) |
| 6:59 | Build | Palisade Wall |
| 7:02 | Build | Palisade Wall |
| 7:12 | Research | Loom |
| 7:12 | Research | Loom |
| 7:30 | Build | Mill |
| 7:33 | Queue | Villager (Male) |
| 7:55 | Queue | Villager (Male) |
| 8:04 | Queue | Villager (Male) |
| 8:26 | Build | House |
| 8:58 | Queue | Villager (Male) |
| 9:00 | Queue | Villager (Male) |
| 9:07 | Build | Palisade Wall |
| 9:09 | Build | Palisade Wall |
| 9:11 | Build | Palisade Wall |
| 9:25 | Build | Lumber Camp |
| 9:46 | Queue | Villager (Male) |
| 9:56 | Build | Farm |
| 9:58 | Build | Farm |
| 10:14 | Queue | Villager (Male) |
| 10:24 | Queue | Villager (Male) |
| 10:26 | Build | Mining Camp |
| 10:43 | Build | Mill |
| 10:51 | Research | Feudal Age |
| 10:51 | Research | Feudal Age |
| 10:59 | Build | Farm |
| 11:05 | Build | Farm |
| 12:00 | Queue | Villager (Male) |
| 12:00 | Queue | Villager (Male) |
| 13:14 | Age | Feudal Age |
| 13:17 | Build | Market |
| 13:19 | Build | Blacksmith |
| 13:42 | Build | Watch Tower |
| 14:19 | Research | Castle Age |
| 14:56 | Build | House |
| 15:04 | Research | Fletching |
| 15:28 | Queue | Villager (Male) |
| 15:30 | Build | House |
| 16:04 | Build | House |
| 16:30 | Build | Mining Camp |
| 16:59 | Age | Castle Age |
Match timeline
| 5:09 | _hugo · first_building Barracks |
| 6:02 | _hugo · wall_segment Palisade Wall x6 |
| 6:28 | _hugo · wall_segment Palisade Wall x10 |
| 6:59 | _hugo · wall_segment Palisade Wall x5 |
| 7:02 | _hugo · wall_segment Palisade Wall x11 |
| 7:26 | [ASYNC]GodsPrisoner · wall_segment Palisade Wall x1 |
| 8:04 | [ASYNC]GodsPrisoner · first_building Barracks |
| 8:47 | [ASYNC]GodsPrisoner · wall_segment Palisade Wall x1 |
| 9:01 | [ASYNC]GodsPrisoner · age_up feudal |
| 9:02 | [ASYNC]GodsPrisoner · wall_segment Palisade Wall x1 |
| 9:07 | _hugo · wall_segment Palisade Wall x1 |
| 9:07 | [ASYNC]GodsPrisoner · wall_segment Palisade Wall x1 |
| 9:09 | _hugo · wall_segment Palisade Wall x2 |
| 9:11 | _hugo · wall_segment Palisade Wall x4 |
| 10:33 | [ASYNC]GodsPrisoner · first_building Stable |
| 11:56 | [ASYNC]GodsPrisoner · wall_segment Palisade Wall x1 |
| 13:02 | [ASYNC]GodsPrisoner · wall_segment Palisade Wall x1 |
| 13:14 | _hugo · age_up feudal |
| 14:08 | _hugo · first_market_sell 500 wood |
| 14:09 | _hugo · first_market_buy 500 food |
| 16:59 | _hugo · age_up castle |
| 17:11 | _hugo · resign |
[ AI ANALYSIS · 1 CREDIT ]
What really happened in this match?
Wolo.gg analyzes every decision: build order, eco, micro, common mistakes by bracket. Personalized analysis on WhatsApp or Discord in 30 seconds.
Civ guide
Khitans
Perfil
Jugador #2420511